 Dungeon Crawl Stone Soup version 0.18-a0-796-g4b90cf5 (webtiles) character file.

85 Proton the Skirmisher (level 4, 0/49 HPs)
             Began as an Ogre Fighter on Dec 14, 2015.
             Succumbed to Crazy Yiuf's poison
             ... on level 2 of the Dungeon.
             The game lasted 00:03:21 (1700 turns).

Proton the Skirmisher (Ogre Fighter)                Turns: 1700, Time: 00:03:22

Health: 0/49       AC:  3    Str: 22    XL:     4   Next: 48%
Magic:  4/4        EV:  8    Int:  7    God:
Gold:   104        SH:  8    Dex:  9    Spells: 0 memorised, 3 levels left

rFire  . . .     SeeInvis .     a - +0 flail
rCold  . . .     Clarity  .     b - +0 robe
rNeg   . . .     SustAt   .     c - +0 shield
rPois  .         Gourm    .     (helmet restricted)
rElec  .         Spirit   .     (no cloak)
rCorr  .         Dismiss  .     (gloves unavailable)
rMut   .         Stasis   .     (boots unavailable)
MR     .....                    (no amulet)
Stlth  ..........               (no ring)
                                h - ring of loudness (curse)

@: lethally poisoned (0 -> -9), not resistant to hostile enchantments, extremely
unstealthy
A: unfitting armour, tough skin 1
a: no special abilities


You were on level 2 of the Dungeon.
You were very hungry.

You visited 1 branch of the dungeon, and saw 2 of its levels.

You collected 104 gold pieces.

Inventory:

Hand Weapons
 a - a +0 flail (weapon)
Armour
 b - a +0 robe (worn)
 c - a +0 shield (worn)
Jewellery
 h - a cursed ring of loudness (left hand)
Scrolls
 e - a scroll of immolation {unknown}
 g - 4 scrolls of identify {unknown}
 i - a scroll of fog {unknown}
 k - a scroll of remove curse {unknown}
 m - a scroll of fear {unknown}
 q - a scroll of enchant armour {unknown}
 r - a scroll of recharging {unknown}
Potions
 d - 2 potions of might
 n - 5 potions of curing {unknown}
 o - a potion of agility {unknown}
 p - a potion of lignification {unknown}
Comestibles
 f - 4 bread rations
 l - 2 meat rations


   Skills:
 + Level 4.7 Fighting
 * Level 4.7 Maces & Flails
 + Level 3.3 Dodging
 - Level 2.6 Shields


You had 3 spell levels left.
You didn't know any spells.

Dungeon Overview and Level Annotations

Branches:
Dungeon (2/15)

Altars:
Ashenzari
Vehumet


Innate Abilities, Weirdness & Mutations

You are too large for most types of armour.
You have tough skin (AC +1).


Message History

You are more poisoned.
You closely miss Crazy Yiuf.
Crazy Yiuf is severely wounded.
You feel sick.
Crazy Yiuf hits you with a quarterstaff of chaos!
* * * LOW HITPOINT WARNING * * *
Crazy Yiuf freezes you.
* * * LOW HITPOINT WARNING * * *
You sock Crazy Yiuf!
You kill Crazy Yiuf!
You have reached level 4!
* * * LOW HITPOINT WARNING * * *
You feel sick.
* * * LOW HITPOINT WARNING * * *
You feel sick.
Things that are here:
a quarterstaff of chaos; a cloak; the gnoll corpse of Crazy Yiuf
* * * LOW HITPOINT WARNING * * *
You feel sick.
You die...

#### ##...##
#.......).# #
##'## ##.######.#
# #####.## #.#
#.# # #......#
### #.# #
#.###..# #.# #
#.##...# #.##
#######.#....#
##### ♣♣##..#
.............#
#)..#♣♣ ♣♣..#..#
#####...#....#
#@.)'.♣♣♣♣......#
##.#......#
#...#♣..♣......##
#..(..##.##
#####♣♣♣.♣...###
#..#..##.#
♣♣♣♣♣##
####.#_#.##.#
#.....#..##.#
#.##.....##.#
#########
..###...###.#
#.......#
..###...###.##
#.#####.#


There were no monsters in sight!

Vanquished Creatures
  Crazy Yiuf (D:2)
  An ooze (D:1)
  A worm (D:2)
  2 giant geckos
  3 giant cockroaches
  6 hobgoblins
  3 jackals (D:1)
  2 quokkas (D:2)
  6 bats
  2 giant newts (D:1)
  5 goblins
  3 kobolds
  9 rats
44 creatures vanquished.

Notes
Turn   | Place    | Note
--------------------------------------------------------------
     0 | D:1      | Proton the Ogre Fighter began the quest for the Orb.
     0 | D:1      | Reached XP level 1. HP: 24/24 MP: 1/1
    65 | D:1      | Reached XP level 2. HP: 17/32 MP: 2/2
   362 | D:1      | Reached XP level 3. HP: 38/40 MP: 3/3
   869 | D:2      | Found a faded altar to an unknown god.
   884 | D:2      | Became a worshipper of Vehumet
   884 | D:2      | Reached * piety under Vehumet
   884 | D:2      | Offered knowledge of Sting by Vehumet.
   893 | D:2      | Fell from the grace of Vehumet
  1187 | D:2      | Found a shattered altar of Ashenzari.
  1690 | D:2      | Noticed Crazy Yiuf
  1697 | D:2      | Killed Crazy Yiuf
  1697 | D:2      | Reached XP level 4. HP: 4/49 MP: 4/4
  1697 | D:2      | HP: 2/49 [poisoned by Crazy Yiuf]
  1700 | D:2      | Succumbed to Crazy Yiuf's poison

Vault maps used:
D:1:      saegor_arrival_simple_e
D:2:      old_standard_altar, first_bread, ecumenical_altar_1,
          grunt_ministairs_3, kennysheep_cluttered_room, hex_tiny,
          minmay_misc_feat_x, uniq_crazy_yiuf_cottage

Action                   |  1- 3 |  4- 6 || total
-------------------------+-------+-------++-------
Melee: Flail             |   116 |       ||   116
Invok: Renounce Religion |     1 |       ||     1
  Eat: Beef jerky        |     1 |       ||     1
